 Dungeon Sprint DCSS version 0.31-a0-542-gdc2a67831c (webtiles) character file.

Game seed: 1395262646690432493

574 dialectric the Protected (level 7, 0/73 HPs)
             Began as a Minotaur Fighter on Aug 14, 2023.
             Was an Initiate of Trog.
             Slain by a hellwing (1 damage)
             ... summoned by a kobold demonologist
             ... in the Dungeon (Sprint I: "Red Sonja").
             The game lasted 00:01:46 (430 turns).

dialectric the Protected (Minotaur Fighter)          Turns: 430, Time: 00:01:46

Health: 0/73       AC:  8    Str: 23    XL:     7   Next: 12%
Magic:  6/6        EV: 11    Int:  5    God:    Trog [......]
Gold:   379        SH:  6    Dex:  9    Spells: 6/6 levels left

rFire   . . .        k - +5 hand axe of Perversion {heavy, Str+2}
rCold   . . .        c - +0 buckler
rNeg    . . .        b - +0 scale mail
rPois   .            (helmet restricted)
rElec   .            (no cloak)
rCorr   .            (no gloves)
SInv    .            (no boots)
Will    .....        (no amulet) Stlth
                     (no ring)
HPRegen 0.32/turn    (no ring)
MPRegen 0.10/turn

%: no teleportation
@: on berserk cooldown, slowed, very slow
A: horns 2, retaliatory headbutt, clumsy 1
a: Renounce Religion


You were in the Dungeon.
You worshipped Trog.
Trog was noncommittal.
You visited 1 branch You collected 379 gold pieces.

Inventory:

Hand Weapons
 a - a +0 flail
 k - the +5 hand axe of Perversion (weapon) {heavy, Str+2}
   (You found it in the Dungeon)

   Str+2:     It affects your strength (+2).
Armour
 b - a +0 scale mail (worn)
 c - a +0 buckler (worn)
Wands
 d - a wand of flame (18)
Scrolls
 j - a scroll of blinking
Potions
 e - a potion of curing
 f - a potion of heal wounds
 g - a potion of haste
 h - 2 potions of magic


   Skills:
 + Level 10.6 Fighting
 + Level 2.0(3.5) Axes
 - Level 4.6(4.8) Maces & Flails
 + Level 10.6 Armour
 * Level 4.2 Dodging
 - Level 10.2 Shields
 + Level 1.2 Evocations


You had 6 spell levels left.
You didn't know any spells.
Your spell library was empty.

Dungeon Overview and Level Annotations

Branches:
Dungeon (1/1)

Altars:
Cheibriados
Dithmenos
Elyvilon
Fedhas
Gozag
Hepliaklqana
Kikubaaqudgha
Makhleb
Nemelex Xobeh
Okawaru
Qazlal
Ru
Sif Muna
Trog
Uskayaw
Vehumet
Wu Jian
Xom
Yredelemnul
Zin
The Shining One
Jiyva
Lugonu

Shops:
D [


Innate Abilities, Weirdness & Mutations

You have a pair of horns on your head.
You reflexively headbutt those who attack you in melee.
You are clumsy. (Dex -2)


Message History

The kobold demonologist hits you but does no damage.
The hellwing hits you! The hellwing hits you. The neqoxec hits you!
The kobold demonologist hits you but does no damage.
The kobold demonologist casts a spell.
The crimson imp blinks!
The hellwing hits you. x2; The neqoxec hits you!
The kobold demonologist looks braver for a moment.
The kobold demonologist miscasts a cantrip.
The hellwing barely misses you. The hellwing hits you. The neqoxec hits you.
* * * LOW HITPOINT WARNING * * *
You can move again.
You slash the kobold demonologist!
The kobold demonologist is almost dead.
You hit the hellwing. You hit the neqoxec.
You are no longer berserk.
You are exhausted.
You feel yourself slow down.
The floating eye gazes piercingly through you!
You shrug off the repeated paralysis!
The kobold demonologist hits you but does no damage.
The hellwing hits you!
* * * LOW HITPOINT WARNING * * *
The hellwing hits you but does no damage.
The neqoxec hits you.
* * * LOW HITPOINT WARNING * * *
You closely miss the kobold demonologist.
Your headbutt misses the kobold demonologist.
The kobold demonologist is almost dead.
You slash the hellwing! You hit the neqoxec.
The floating eye seems to glare at you.
The kobold demonologist gestures wildly while chanting.
The kobold demonologist closely misses you.
The hellwing hits you!
* * * LOW HITPOINT WARNING * * *
You block the hellwing's attack. You block the neqoxec's attack.
The crimson imp blinks!
The kobold demonologist looks braver for a moment.
The kobold demonologist hits you but does no damage.
The hellwing hits you but does no damage.
The hellwing hits you.
You die...

#####################
.)..#..'..#__#.3@4G5#
.#..').#..'..'..#KK5#
###+#####'#__####355+
# #...#.#### ####
_####..##.#
____##'#_.+
.∩...'..._#
..__##_.#'#
____###+#.#


You could see a hellwing (summoned), 2 kobold demonologists, a sixfirhy
(summoned), a neqoxec (summoned), a floating eye (charged), an iron imp
(summoned), 2 crimson imps and a white imp (summoned).

Vanquished Creatures
  A slime creature (D)
  Sigmund (D)
  A yak (D)
  An ogre (D)
  A jelly (D)
  Ijyb (D)
6 creatures vanquished.

Notes
Turn   | Place    | Note
-------+----------+-------------------------------------------
     0 | D        | dialectric the Minotaur Fighter began the quest for the
                  | Orb.
     0 | D        | Reached XP level 1. HP: 19/19 MP: 0/0
     9 | D        | Noticed Ijyb
    17 | D        | Killed Ijyb
    18 | D        | Reached skill level 5 in Fighting
    18 | D        | Reached skill level 5 in Armour
    18 | D        | Reached skill level 5 in Shields
    18 | D        | Reached XP level 2. HP: 23/29 MP: 1/1
    21 | D        | Noticed an ogre
    24 | D        | Killed an ogre
    25 | D        | Reached XP level 3. HP: 34/39 MP: 2/2
    25 | D        | Reached XP level 4. HP: 41/47 MP: 3/3
    29 | D        | Noticed Sigmund
    36 | D        | Killed Sigmund
    37 | D        | Reached XP level 5. HP: 31/57 MP: 4/4
    55 | D        | Found a shimmering blue altar of Sif Muna.
    56 | D        | Found an ornate altar of the Wu Jian Council.
    57 | D        | Found a radiant altar of Vehumet.
    58 | D        | Identified the +5 hand axe of Perversion {heavy, Str+2}
    60 | D        | Reached XP level 6. HP: 37/63 MP: 5/5
    90 | D        | Found Gemeog's Armour Emporium.
    90 | D        | Found an ancient bone altar of Kikubaaqudgha.
    90 | D        | Found a hazy altar of Hepliaklqana.
    90 | D        | Found a stormy altar of Qazlal.
    90 | D        | Found a hide-covered altar of Uskayaw.
    90 | D        | Found a blossoming altar of Fedhas.
    90 | D        | Found a bloodstained altar of Trog.
    90 | D        | Found an iron altar of Okawaru.
    90 | D        | Found a basalt altar of Yredelemnul.
    90 | D        | Found a glowing golden altar of the Shining One.
    90 | D        | Found a snail-covered altar of Cheibriados.
    90 | D        | Found a sacrificial altar of Ru.
    90 | D        | Found a glowing silver altar of Zin.
    90 | D        | Found a shadowy altar of Dithmenos.
    90 | D        | Found a white marble altar of Elyvilon.
    90 | D        | Noticed a yak
    93 | D        | Killed a yak
    94 | D        | Reached skill level 10 in Fighting
    94 | D        | Reached skill level 1 in Axes
    94 | D        | Reached skill level 10 in Armour
    94 | D        | Reached skill level 1 in Evocations
    94 | D        | Found an opulent altar of Gozag.
    95 | D        | Found a sparkling altar of Nemelex Xobeh.
   100 | D        | Became a worshipper of Trog the Wrathful
   246 | D        | Found a burning altar of Makhleb.
   246 | D        | Found a shimmering altar of Xom.
   246 | D        | Noticed a slime creature
   247 | D        | Found a viscous altar of Jiyva.
   247 | D        | Found a corrupted altar of Lugonu.
   252 | D        | Killed a slime creature
   253 | D        | Reached skill level 10 in Shields
   253 | D        | Reached XP level 7. HP: 23/73 MP: 6/6
   418 | D        | Noticed a kobold demonologist
   419 | D        | Noticed a kobold demonologist
   420 | D        | Noticed a hellwing
   421 | D        | Paralysed by a floating eye for 2 turns
   425 | D        | Noticed a neqoxec
   425 | D        | Paralysed by a floating eye for 4 turns
   425 | D        | Gained mutation: You are clumsy. (Dex -2) [a neqoxec]
   426 | D        | Noticed a sixfirhy
   430 | D        | HP: 1/73 [hellwing[a kobold demonologist] (8)]
   430 | D        | Slain by a hellwing

Illustrated notes

Levels and vault maps discovered:
D:        dungeon_sprint_1 [red_sonja_temple_1, red_sonja_temple_small_1]

Skill      XL: |  1  2  3  4  5  6 |
---------------+-------------------+-----
Fighting       | 5 7 9 10 | 10.6
Maces & Flails | 3 4 |  4.6
Armour         | 5 7 9 10 | 10.6
Shields        | 5 6 8 9 10 | 10.2
Axes           | 2 |  2.0
Dodging        | 4 |  4.2
Evocations     | 1 |  1.2

Action                     |  1- 3 |  4- 6 |  7- 9 || total
---------------------------+-------+-------+-------++-------
  Melee: Flail             |     8 |     4 |       ||    12
         Headbutt          |     1 |     3 |       ||     4
         Hand axe          |       |     8 |     6 ||    14
  Evoke: Wand              |     1 |     2 |       ||     3
    Use: Potion            |     1 |       |     1 ||     2
 Armour: Scale mail        |     4 |     2 |     7 ||    13
  Dodge: Dodged            |     3 |     6 |     8 ||    17
  Block: Buckler           |       |       |     3 ||     3

Table legend: (Time is in decaauts)
 A = Elapsed time spent in this place.
 B = Non-inter-level travel time spent in this place.
 C = Inter-level travel time spent in this place.
 D = Time resting spent in this place.
 E = Time spent auto-exploring this place.
 F = Levels seen in this place.
 G = Mean time per level.
                   A        B        C        D        E       F      G
               +--------+--------+--------+--------+--------+-----+--------+
         Total |    438 |    438 |      0 |    284 |      0 |   1 |  438.0 |
       Dungeon |    438 |    438 |      0 |    284 |      0 |   1 |  438.0 |
               +--------+--------+--------+--------+--------+-----+--------+

Top non-repeatable levels by time:
       D: 438 daAuts
